[Event "Early-Titled-Tuesday-Blitz-October-10-2023"]
[Site "Chess.com"]
[Date "2023.10.10"]
[Round "6"]
[White "Doomfist26"]
[Black "marcodobrikov"]
[Result "1-0"]
[WhiteElo "2627"]
[BlackElo "2761"]
[TimeControl "180+1"]
[EndTime "9:01:07 PDT"]
[Termination "Doomfist26 won by checkmate"]

1. e4 Nc6 2. Nf3 d6 3. d4 Bg4 4. d5 e5 5. dxc6 bxc6 6. Be2 Ne7 7. O-O Ng6 8. h3 Bd7 9. c4 c5 10. Nc3 Be7 11. Nd5 O-O 12. Ne1 Be6 13. Nc2 Rb8 14. b3 a5 15. Nce3 c6 16. Nxe7+ Qxe7 17. Nf5 Bxf5 18. exf5 Nh8 19. Re1 f6 20. Bf3 Rfc8 21.
Bxc6 Nf7 22. Bd5 Kh8 23. Bxf7 Qxf7 24. Qxd6 a4 25. Be3 axb3 26. axb3 Rxb3 27. Red1 h6 28.
Qd7 Rc7 29. Ra8+ Kh7 30. Qd8 Re7 31. Qh8# 1-0

[Event "Early-Titled-Tuesday-Blitz-October-10-2023"]
[Site "Chess.com"]
[Date "2023.10.10"]
[Round "6"]
[White "viktorgen2021"]
[Black "ural58"]
[Result "0-1"]
[WhiteElo "2372"]
[BlackElo "2512"]
[TimeControl "180+1"]
[EndTime "9:01:14 PDT"]
[Termination "ural58 won by resignation"]

1. d4 d5 2. c4 e5 3. e3 exd4 4.
exd4 Nf6 5. Nc3 Nc6 6. cxd5 Nxd5 7. Nf3 Bb4 8. Qb3 O-O 9. Be2 Re8 10. Bd2 Be6 11. Qc2 Nxc3 12. Bxc3 Bxc3+ 13. Qxc3 Bg4 14. Ne5 Nxe5 15. dxe5 Bxe2 16. Kxe2 Qg5 17. Rhe1 Qxg2 18. Ke3 Qh3+ 19. f3 Qxh2 20. Rg1 Qxe5+ 0-1

[Event "Early-Titled-Tuesday-Blitz-October-10-2023"]
[Site "Chess.com"]
[Date "2023.10.10"]
[Round "6"]
[White "kritipatel"]
[Black "Zampronha1971"]
[Result "0-1"]
[WhiteElo "2119"]
[BlackElo "2290"]
[TimeControl "180+1"]
[EndTime "9:01:21 PDT"]
[Termination "Zampronha1971 won by resignation"]

1. e4 c5 2. d4 cxd4 3. c3 Nf6 4. e5 Nd5 5. Nf3 e6 6. cxd4 b6 7. Bd3 Bb7 8. Nc3 Nxc3 9. bxc3 Qc7 10. Bb2 d6 11.
O-O Nd7 12. Re1 Be7 13. c4 O-O 14. Qc2 h6 15. Qe2 Rac8 16. Rac1 dxe5 17. Nxe5 Nxe5 18.
dxe5 Rfd8 19. Bb1 Qc6 20. Be4 Qxe4 21. Qxe4 Bxe4 22. Rxe4 Rd2 23. Bd4 Rxc4 24. Bc3 Rxc3 0-1

[Event "Early-Titled-Tuesday-Blitz-October-10-2023"]
[Site "Chess.com"]
[Date "2023.10.10"]
[Round "6"]
[White "amylazy"]
[Black "DawidCzerw"]
[Result "0-1"]
[WhiteElo "2407"]
[BlackElo "2541"]
[TimeControl "180+1"]
[EndTime "9:01:25 PDT"]
[Termination "DawidCzerw won by resignation"]

1. d4 Nf6 2. Nf3 e6 3. e3 Be7 4.
Bd3 O-O 5. O-O b6 6. c4 Bb7 7.
Nc3 d6 8. b3 Nbd7 9. Bb2 Re8 10. e4 Bf8 11. e5 Bxf3 12. Qxf3 dxe5 13. Ne2 exd4 14. Nxd4 Ne5 15. Qg3 Nxd3 16. Nc6 Qd7 17. Bxf6 Qxc6 18. Rad1 Nc5 19. Bb2 Rad8 20. Be5 Rxd1 21.
Rxd1 Qe4 22. Bxc7 e5 23. h3 f6 24. Rd5 Ne6 25. Bd6 Nf4 26. Bxf8 Ne2+ 0-1

[Event "Early-Titled-Tuesday-Blitz-October-10-2023"]
[Site "Chess.com"]
[Date "2023.10.10"]
[Round "6"]
[White "Legendinunknown"]
[Black "fu24"]
[Result "1-0"]
[WhiteElo "2832"]
[BlackElo "2626"]
[TimeControl "180+1"]
[EndTime "9:01:36 PDT"]
[Termination "Legendinunknown won by resignation"]

1. d4 g6 2. c4 Bg7 3. Nc3 d6 4. e4 c5 5. d5 Bxc3+ 6. bxc3 e5 7. g4 Kd7 8. h4 h5 9. g5 Kc7 10. f4 Bg4 11. Be2 Bxe2 12. Qxe2 Nd7 13. Nf3 Qe7 14.
fxe5 Nxe5 15. Bf4 Nxf3+ 16. Qxf3 f5 17. O-O Qxe4 18. Qxe4 fxe4 19. Rae1 Re8 20. Bg3 Rh7 21. Rf4 Rhe7 22. Re3 Kd7 23. Rf2 Rf7 24. Rxf7+ 1-0

[Event "Early-Titled-Tuesday-Blitz-October-10-2023"]
[Site "Chess.com"]
[Date "2023.10.10"]
[Round "6"]
[White "Vision_64"]
[Black "Darko-Dimitrijevic"]
[Result "1-0"]
[WhiteElo "2339"]
[BlackElo "2161"]
[TimeControl "180+1"]
[EndTime "9:01:37 PDT"]
[Termination "Vision_64 won by resignation"]

1. e4 d6 2. Nc3 Nf6 3. f4 e5 4. fxe5 dxe5 5. Bc4 Bg4 6. Nf3 Nbd7 7. O-O Bc5+ 8. Kh1 O-O 9. d3 h6 10. Qe1 Kh8 11. Be3 Bxe3 12. Qxe3 c6 13. a4 Qe7 14. a5 b5 15. axb6 axb6 16. Bb3 Be6 17. Bxe6 Qxe6 18. Nh4 Qd6 19. Nf5 Qb4 20. Qg3 Rg8 21.
Rxa8 1-0

[Event "Early-Titled-Tuesday-Blitz-October-10-2023"]
[Site "Chess.com"]
[Date "2023.10.10"]
[Round "6"]
[White "Alonmindlin"]
[Black "Chessdreamer2020"]
[Result "1-0"]
[WhiteElo "2710"]
[BlackElo "2542"]
[TimeControl "180+1"]
[EndTime "9:01:39 PDT"]
[Termination "Alonmindlin won by resignation"]

1. e4 d6 2. d4 Nf6 3. Nc3 c6 4. g3 e5 5. Bg2 Nbd7 6. Nge2 b5 7.
a3 Be7 8. O-O O-O 9. h3 a5 10. Be3 Ba6 11. b4 Qc7 12. f4 Rfe8 13. g4 Nb6 14. dxe5 dxe5 15. fxe5 Nc4 16. Bf4 Nxe5 17.
Qe1 axb4 18. axb4 Bxb4 19. Qg3 Nfd7 20. Rfd1 Nb6 21. Nd4 Nbc4 22. Nf5 Bb7 23. Kh1 Ra2 24. Rxa2 1-0

[Event "Early-Titled-Tuesday-Blitz-October-10-2023"]
[Site "Chess.com"]
[Date "2023.10.10"]
[Round "6"]
[White "FERNANDEZL1983"]
[Black "UK_23"]
[Result "1-0"]
[WhiteElo "2520"]
[BlackElo "2379"]
[TimeControl "180+1"]
[EndTime "9:01:47 PDT"]
[Termination "FERNANDEZL1983 won by resignation"]

1. e4 e5 2. Nf3 Nc6 3. Bc4 Nf6 4. d3 Be7 5. O-O O-O 6. Nc3 d6 7. a4 Na5 8. Ba2 c5 9. Bg5 a6 10. Bxf6 Bxf6 11. Nd5 Bd7 12. c3 b5 13. b4 cxb4 14. cxb4 Nc6 15. a5 Bg4 16. h3 Be6 17. Qd2 Rc8 18.
Rac1 Be7 19. Rc2 Bxd5 20. Bxd5 Nd4 21. Nxd4 exd4 22. Rfc1 Rxc2 23. Qxc2 Bg5 24. Rf1 Qb8 25. Qc6 Bd2 26. Qxa6 Bxb4 27. Rb1 Bd2 28. Qxb5 Qc7 29. a6 h5 30. Qb7 Qc2 31. a7 Kh7 32. Ra1 1-0

[Event "Early-Titled-Tuesday-Blitz-October-10-2023"]
[Site "Chess.com"]
[Date "2023.10.10"]
[Round "6"]
[White "TatjanaVasilevich"]
[Black "VincentKeymer"]
[Result "0-1"]
[WhiteElo "2597"]
[BlackElo "3089"]
[TimeControl "180+1"]
[EndTime "9:01:58 PDT"]
[Termination "VincentKeymer won by resignation"]

1. Nf3 d5 2. b3 Bf5 3. Bb2 e6 4. g3 Nf6 5. Bg2 Nbd7 6. O-O Bd6 7.
e3 h5 8. h4 c6 9. d3 Qc7 10. Qe1 Bg6 11. Nbd2 O-O-O 12. a4 Kb8 13. a5 a6 14. e4 e5 15. c4 Bb4 16. exd5 Bxd3 17. dxc6 Bxf1 18. Kxf1 e4 19. Ng5 Nc5 20. Rd1 Nxb3 21. Bxf6 gxf6 22. Ngxe4 Rhe8 23. cxb7 Nxd2+ 24. Rxd2 Rxd2 25. Qc1 Rxe4 26. Bxe4 Qc5 27. Qe1 Qxc4+ 28.
Kg2 Qe2 29. Qxe2 Rxe2 30. Bf3 Re5 31. Be2 Rxe2 0-1

[Event "Early-Titled-Tuesday-Blitz-October-10-2023"]
[Site "Chess.com"]
[Date "2023.10.10"]
[Round "6"]
[White "Pawnpusher1245"]
[Black "MidnightFox"]
[Result "1-0"]
[WhiteElo "2368"]
[BlackElo "2475"]
[TimeControl "180+1"]
[EndTime "9:01:58 PDT"]
[Termination "Pawnpusher1245 won by resignation"]

1. d4 Nf6 2. c4 e5 3. dxe5 Ne4 4. Nd2 Bb4 5. Nf3 b6 6. e3 Bb7 7. Bd3 Nc5 8. Be2 Nc6 9. O-O Qe7 10. a3 Bxd2 11.
Bxd2 Nxe5 12. Bc3 f6 13. Nxe5 fxe5 14. Bf3 e4 15. Bh5+ Kd8 16. Qd4 Ne6 17. Qe5 Kc8 18. Rad1 Rd8 19. Bg4 g6 20. Rd2 a5 21. Rfd1 Bc6 22.
Bxe6 Kb7 23. Bd5 Qxe5 24. Bxe5 Rf8 25. Bxc6+ dxc6 26. Rd7 1-0

[Event "Early-Titled-Tuesday-Blitz-October-10-2023"]
[Site "Chess.com"]
[Date "2023.10.10"]
[Round "6"]
[White "KejJaj"]
[Black "C_K_G"]
[Result "0-1"]
[WhiteElo "2157"]
[BlackElo "1929"]
[TimeControl "180+1"]
[EndTime "9:02:00 PDT"]
[Termination "C_K_G won by checkmate"]

1. d4 d5 2. Bf4 e6 3. e3 Nf6 4. Nf3 Bd6 5. Nbd2 c5 6. c3 Nc6 7. Bg3 Qc7 8. dxc5 Bxg3 9. hxg3 e5 10. Bb5 Bg4 11. Qa4 O-O 12. O-O a6 13. Bxc6 bxc6 14. b4 e4 15. Nd4 Bd7 16. c4 Ng4 17. cxd5 cxd5 18. Qb3 Qe5 19. f3 exf3 20. N2xf3 Qxg3 21. Qxd5 Nxe3 22. Qe5 Qxg2# 0-1

[Event "Early-Titled-Tuesday-Blitz-October-10-2023"]
[Site "Chess.com"]
[Date "2023.10.10"]
[Round "6"]
[White "GMKrikor"]
[Black "cycygogne"]
[Result "1-0"]
[WhiteElo "2835"]
[BlackElo "2277"]
[TimeControl "180+1"]
[EndTime "9:02:02 PDT"]
[Termination "GMKrikor won by resignation"]

1. Nf3 c5 2. c4 g6 3. e4 Bg7 4.
d4 cxd4 5. Nxd4 Nc6 6. Be3 e6 7.
Nc3 Nge7 8. Qd2 O-O 9. Rd1 d5 10.
Be2 dxc4 11. Bxc4 Ne5 12. Be2 Qc7 13. Ndb5 Qb8 14. Bc5 Bd7 15. Bxe7 Rc8 16. Bd6 1-0

[Event "Early-Titled-Tuesday-Blitz-October-10-2023"]
[Site "Chess.com"]
[Date "2023.10.10"]
[Round "6"]
[White "TigrVShlyape"]
[Black "Byniolus"]
[Result "1-0"]
[WhiteElo "2932"]
[BlackElo "2725"]
[TimeControl "180+1"]
[EndTime "9:02:08 PDT"]
[Termination "TigrVShlyape won by resignation"]

1. e4 d5 2. exd5 Nf6 3. d4 Nxd5 4. Nf3 Bg4 5. Be2 e6 6. O-O Be7 7. h3 Bh5 8. Ne5 Bxe2 9. Qxe2 O-O 10. c4 Nb6 11.
Rd1 N8d7 12. Nf3 c5 13. dxc5 Bxc5 14. Nc3 Rc8 15. b3 Qe7 16. Ne4 Ba3 17. Bxa3 Qxa3 18. Nd6 Rb8 19. Ng5 Nf6 20. Ngxf7 g6 21. Qxe6 Kg7 22.
Ng5 Ng8 23. Qe5+ 1-0

[Event "Early-Titled-Tuesday-Blitz-October-10-2023"]
[Site "Chess.com"]
[Date "2023.10.10"]
[Round "6"]
[White "KorolDimitriy75"]
[Black "SharapovEvgeny"]
[Result "1/2-1/2"]
[WhiteElo "2408"]
[BlackElo "2612"]
[TimeControl "180+1"]
[EndTime "9:02:11 PDT"]
[Termination "Game drawn by agreement"]

1. d4 Nf6 2. c4 e6 3. Nc3 Bb4 4.
Qc2 c5 5. dxc5 O-O 6. Nf3 Na6 7.
Bd2 Nxc5 8. e3 d5 9. cxd5 Nxd5 10. Nxd5 Bxd2+ 11. Qxd2 exd5 12. Be2 Ne4 13. Qd4 Be6 14. O-O Qa5 15. a3 Rfc8 16. Rac1 h6 17. h3 a6 18. Rfd1 Rc6 19. Ne5 Rxc1 20. Rxc1 Rc8 21. Rxc8+ Bxc8 22. Nf3 Be6 23. Bd3 Nf6 1/2-1/2

[Event "Early-Titled-Tuesday-Blitz-October-10-2023"]
[Site "Chess.com"]
[Date "2023.10.10"]
[Round "6"]
[White "Lady_Nika"]
[Black "Roman_Ovetchkin"]
[Result "1-0"]
[WhiteElo "2549"]
[BlackElo "2689"]
[TimeControl "180+1"]
[EndTime "9:02:28 PDT"]
[Termination "Lady_Nika won by resignation"]

1. e4 c6 2. d4 d5 3. Nc3 dxe4 4.
Nxe4 Nf6 5. Nxf6+ exf6 6. c3 Bd6 7. Bd3 O-O 8. Qc2 Re8+ 9. Ne2 h5 10. Bd2 Nd7 11.
O-O-O Nf8 12. h4 a5 13. Kb1 a4 14. c4 Be6 15. Nc3 a3 16. b3 Rc8 17. Ne4 b5 18.
Nxd6 Qxd6 19. Bc1 bxc4 20. Bxc4 Bd5 21. f3 Ne6 22. Rhe1 Rb8 23. Rd3 Red8 24. Red1 Qg3 25.
Bxa3 Qxh4 26. Bc1 Rb4 27. Bxd5 cxd5 28. Qc3 Rdb8 29. Ba3 R4b6 30. R3d2 Ra6 31. Bc5 Qf4 32. Rc2 h4 33. Qd3 g6 34. Qxa6 Kg7 35. Bd6 1-0

[Event "Early-Titled-Tuesday-Blitz-October-10-2023"]
[Site "Chess.com"]
[Date "2023.10.10"]
[Round "6"]
[White "MMAHDI2013"]
[Black "chessculator16"]
[Result "1-0"]
[WhiteElo "2493"]
[BlackElo "2293"]
[TimeControl "180+1"]
[EndTime "9:02:28 PDT"]
[Termination "MMAHDI2013 won by checkmate"]

1. c4 c6 2. Nf3 d5 3. g3 Nf6 4.
Bg2 Bg4 5. Qb3 Qb6 6. d3 e6 7. Be3 Qc7 8. Bf4 Qb6 9. O-O Nbd7 10. Be3 Qc7 11. d4 Bd6 12. c5 Be7 13. Bf4 Qc8 14. Nbd2 O-O 15. h3 Bxf3 16. Nxf3 Nh5 17. Bd2 e5 18. Nxe5 Nxe5 19. dxe5 Bxc5 20. g4 Qe6 21.
gxh5 Qxe5 22. Qf3 Rae8 23. Rfe1 Qxb2 24. Bc3 Qb6 25. h6 d4 26. hxg7 Kxg7 27. Bd2 Re6 28.
Rab1 Qc7 29. Kh1 Rg6 30. h4 Bd6 31. h5 Rf6 32. h6+ Rxh6+ 33. Bxh6+ Kxh6 34. Qf6+ Kh5 35. Bf3# 1-0

[Event "Early-Titled-Tuesday-Blitz-October-10-2023"]
[Site "Chess.com"]
[Date "2023.10.10"]
[Round "6"]
[White "whiteglovethief"]
[Black "arenal72"]
[Result "1-0"]
[WhiteElo "2552"]
[BlackElo "2413"]
[TimeControl "180+1"]
[EndTime "9:02:37 PDT"]
[Termination "whiteglovethief won by resignation"]

1. d4 d6 2. c4 e5 3. dxe5 dxe5 4. Qc2 Nc6 5. e3 g6 6. Nc3 Bf5 7. Qb3 Nb4 8. e4 Be6 9. Nd5 a5 10. a3 a4 11. Qc3 Nc6 12. Nf3 Bg7 13. h3 Nd4 14.
Nxd4 exd4 15. Qb4 c6 16. Nb6 Ra7 17. Nxa4 Bf8 18. c5 Nf6 19. Bg5 h6 20. Bxf6 Qxf6 21. Bc4 Qg5 22. Bxe6 Qxg2 23. Bxf7+ Kxf7 24. Qc4+ Ke7 25. O-O-O Bg7 26. e5 Rha8 27. Nb6 Qg5+ 28. Kb1 Rd8 29.
Rxd4 Qxe5 30. Re4 Rd2 31. Rxe5+ Bxe5 32. Nc8+ Kd8 33. Nxa7 1-0

[Event "Early-Titled-Tuesday-Blitz-October-10-2023"]
[Site "Chess.com"]
[Date "2023.10.10"]
[Round "6"]
[White "Mystery2007"]
[Black "JSlaby"]
[Result "0-1"]
[WhiteElo "2479"]
[BlackElo "2585"]
[TimeControl "180+1"]
[EndTime "9:02:39 PDT"]
[Termination "JSlaby won by resignation"]

1. Nf3 c5 2. c4 g6 3. g3 Bg7 4. Bg2 Nc6 5. O-O e5 6. Nc3 Nge7 7. b3 O-O 8. Bb2 d6 9. e3 f5 10. d4 e4 11. dxc5 exf3 12. Bxf3 dxc5 13. Qe2 Ne5 14. Bd5+ Nxd5 15. Nxd5 Be6 16. Rad1 Bxd5 17. Rxd5 Qe7 18. Rfd1 Rad8 19. f4 Nc6 20. Bxg7 Kxg7 21. Qb2+ Kg8 22.
Kf2 Nb4 23. R5d2 Rfe8 24. Rxd8 Rxd8 25. Rxd8+ Qxd8 26. Ke2 Qd3+ 27. Kf3 Qe4+ 28. Ke2 Qg2+ 0-1

[Event "Early-Titled-Tuesday-Blitz-October-10-2023"]
[Site "Chess.com"]
[Date "2023.10.10"]
[Round "6"]
[White "valeriocarnicelli"]
[Black "alexrustemov"]
[Result "0-1"]
[WhiteElo "2639"]
[BlackElo "2863"]
[TimeControl "180+1"]
[EndTime "9:02:53 PDT"]
[Termination "alexrustemov won by resignation"]

1. d4 d5 2. c4 c6 3. Nf3 Nf6 4. g3 dxc4 5. Bg2 b5 6. O-O Bb7 7. a4 a6 8. b3 cxb3 9. Qxb3 e6 10.
Ba3 Bxa3 11. Nxa3 O-O 12. Rfd1 Nbd7 13. Ne5 Qb6 14. Rac1 Rfc8 15. Nd3 Rab8 16. Nc5 Nxc5 17. dxc5 Qc7 18. Rd6 Ne8 19. Rd4 Rd8 20. Rh4 Qe5 21.
Qf3 Nf6 22. h3 Rd2 23. axb5 axb5 24. Nxb5 Qb2 25. Qc3 cxb5 26. c6 Rd1+ 0-1

[Event "Early-Titled-Tuesday-Blitz-October-10-2023"]
[Site "Chess.com"]
[Date "2023.10.10"]
[Round "6"]
[White "Firouzja2003"]
[Black "CSB7"]
[Result "1-0"]
[WhiteElo "3066"]
[BlackElo "2752"]
[TimeControl "180+1"]
[EndTime "9:02:54 PDT"]
[Termination "Firouzja2003 won on time"]

1. d4 Nf6 2. Nc3 e6 3. e4 d5 4. e5 Nfd7 5. f4 c5 6. Nf3 Nc6 7. Be3 cxd4 8. Nxd4 Qb6 9. Nde2 Qxe3 10. h4 Qb6 11.
Rh3 Nc5 12. a3 Be7 13. b4 Ne4 14. Nxe4 dxe4 15. Nc3 O-O 16. Nxe4 Rd8 17. Nd6 Bxd6 18. exd6 e5 19. c4 Nd4 20. c5 Qc6 21. Re3 exf4 22. Re7 Qd5 23. Kf2 Be6 24. Qd2 Qe5 25. Re1 Qf6 26. Re4 Qxh4+ 27. Kg1 Nf5 28. Rxb7 g5 29.
Rxe6 Ng3 30. Re1 Qh1+ 31. Kf2 Qh4 32. Qd5 Ne4+ 33. Kf3 Qg3+ 34. Kxe4 Re8+ 35. Kf5 1-0

[Event "Early-Titled-Tuesday-Blitz-October-10-2023"]
[Site "Chess.com"]
[Date "2023.10.10"]
[Round "6"]
[White "Alenzer"]
[Black "maximnovik"]
[Result "0-1"]
[WhiteElo "2122"]
[BlackElo "2442"]
[TimeControl "180+1"]
[EndTime "9:02:54 PDT"]
[Termination "maximnovik won by checkmate"]

1. e4 c6 2. Nc3 d5 3. Qe2 d4 4. Nd1 c5 5. d3 Nc6 6. g3 e5 7.
Bg2 Nf6 8. f4 Bd6 9. Nf3 Bg4 10.
Nf2 Bxf3 11. Qxf3 h5 12. f5 Qc7 13. h3 O-O-O 14. Bd2 Kb8 15. g4 hxg4 16. hxg4 Nd7 17. O-O-O b5 18. Rxh8 Rxh8 19. Rh1 Rxh1+ 20. Bxh1 c4 21.
dxc4 bxc4 22. g5 d3 23. Nd1 Nd4 24. Qh5 dxc2 25. Ne3 Nc5 26. Bc3 Nd3+ 27. Kd2 c1=Q# 0-1

[Event "Early-Titled-Tuesday-Blitz-October-10-2023"]
[Site "Chess.com"]
[Date "2023.10.10"]
[Round "6"]
[White "hakanazeri2"]
[Black "ploxoi"]
[Result "0-1"]
[WhiteElo "2609"]
[BlackElo "2454"]
[TimeControl "180+1"]
[EndTime "9:02:55 PDT"]
[Termination "ploxoi won by resignation"]

1. Nf3 d5 2. d4 c6 3. c4 e6 4. Nc3 dxc4 5. a4 Bb4 6. Bd2 b5 7. e3 a5 8. axb5 Bxc3 9. Bxc3 cxb5 10. b4 Bb7 11. bxa5 Nc6 12. Qb1 Ba6 13. Be2 Nf6 14. e4 Rb8 15. Ne5 Qc7 16. Nxc6 Qxc6 17. Bf3 b4 18. d5 Qc7 19. Bxb4 c3 20. Qb3 Nxd5 21. exd5 Qe5+ 22. Kd1 Qd4+ 23. Kc1 Qd2+ 0-1

[Event "Early-Titled-Tuesday-Blitz-October-10-2023"]
[Site "Chess.com"]
[Date "2023.10.10"]
[Round "6"]
[White "Grandmaster1369"]
[Black "Casper"]
[Result "1-0"]
[WhiteElo "2773"]
[BlackElo "2433"]
[TimeControl "180+1"]
[EndTime "9:02:58 PDT"]
[Termination "Grandmaster1369 won by resignation"]

1. e4 c5 2. Nc3 d6 3. f4 g6 4. Nf3 Bg7 5. Bc4 a6 6. a4 Nc6 7.
d3 f5 8. O-O Nf6 9. Ng5 Rf8 10.
Kh1 h6 11. Ne6 Bxe6 12. Bxe6 Nd4 13. Ba2 e6 14. Be3 Ng4 15. Bg1 Qh4 16. h3 O-O-O 17.
Ne2 Rde8 18. c3 Nxe2 19. Qxe2 e5 20. exf5 gxf5 21. Qd2 exf4 22. Rxf4 Be5 23. Rf3 Bg3 24. Raf1 f4 25. d4 Rf5 26. dxc5 Ne5 27. cxd6 Qd8 28. Rxg3 1-0

[Event "Early-Titled-Tuesday-Blitz-October-10-2023"]
[Site "Chess.com"]
[Date "2023.10.10"]
[Round "6"]
[White "combidharma"]
[Black "feuervogel1000000"]
[Result "1-0"]
[WhiteElo "2659"]
[BlackElo "2514"]
[TimeControl "180+1"]
[EndTime "9:02:59 PDT"]
[Termination "combidharma won by resignation"]

1. d4 Nf6 2. Bf4 d5 3. e3 c5 4. Nf3 Nc6 5. c3 e6 6. Nbd2 Nh5 7. Bg3 Nxg3 8. hxg3 cxd4 9. exd4 Bd6 10. Bd3 h6 11. Qe2 Qc7 12. g4 Bd7 13. g5 O-O-O 14. gxh6 gxh6 15.
O-O-O Rdg8 16. g3 a6 17. Rh4 Nb4 18. Bb1 Ba4 19. Rdh1 Kb8 20. Qe3 Rc8 21. a3 Nc6 22. Rxh6 Rxh6 23. Rxh6 Na7 24. Bc2 Be8 25. Ne5 Qa5 26. Nb3 Qb6 27. Nc5 Nb5 28. Ned7+ 1-0

[Event "Early-Titled-Tuesday-Blitz-October-10-2023"]
[Site "Chess.com"]
[Date "2023.10.10"]
[Round "6"]
[White "masterofpuppets2"]
[Black "maracayo"]
[Result "1-0"]
[WhiteElo "2514"]
[BlackElo "2373"]
[TimeControl "180+1"]
[EndTime "9:02:59 PDT"]
[Termination "masterofpuppets2 won by resignation"]

1. d4 d6 2. c4 Nf6 3. Nc3 e5 4. d5 Be7 5. e4 O-O 6. f3 Ne8 7. g3 g6 8. Be3 Ng7 9. Qd2 f5 10.
O-O-O f4 11. gxf4 exf4 12. Bf2 Bf6 13. Nge2 Be5 14. h4 Nd7 15. Bh3 Nf6 16. Bd4 Bxh3 17. Bxe5 dxe5 18. Rxh3 Nd7 19. Kb1 Qf6 20. Nc1 Qa6 21.
Nb5 Qb6 22. Nd3 a6 23. Nc3 Rae8 24. Na4 Qf6 25. c5 b5 26. Nc3 Qe7 27. Qf2 b4 28. Na4 a5 29. Rh2 Rb8 30. b3 Nf6 31. Ndb2 Rfd8 32.
Nc4 Ngh5 33. Qb2 Nd7 34. Nxa5 1-0

[Event "Early-Titled-Tuesday-Blitz-October-10-2023"]
[Site "Chess.com"]
[Date "2023.10.10"]
[Round "6"]
[White "Witaliss"]
[Black "valemava"]
[Result "0-1"]
[WhiteElo "2375"]
[BlackElo "2280"]
[TimeControl "180+1"]
[EndTime "9:03:01 PDT"]
[Termination "valemava won by resignation"]

1. Nf3 b5 2. g3 Bb7 3. Bg2 g6 4. O-O Bg7 5. a4 b4 6. c3 a5 7. d4 Nf6 8. Nbd2 O-O 9. Nc4 d6 10. Bg5 Ne4 11. Qc2 Nxg5 12. Nxg5 Bxg2 13. Kxg2 e5 14. Nf3 exd4 15. cxd4 Nd7 16. Rac1 c5 17. Rfd1 Qc7 18. dxc5 dxc5 19. b3 Rac8 20. Qd3 Rfd8 21.
Qd6 Qa7 22. Rd3 Bf6 23. Rcd1 Kg7 24. Qf4 Nf8 25. Rxd8 Rxd8 26. Rxd8 Bxd8 27. Qd6 Ne6 28. Nfe5 Be7 29. Qd5 Bf6 30. h4 h5 31. Nd6 Bxe5 32.
Qxe5+ Kg8 33. Ne8 Qa8+ 34. f3 Qxe8 0-1

[Event "Early-Titled-Tuesday-Blitz-October-10-2023"]
[Site "Chess.com"]
[Date "2023.10.10"]
[Round "6"]
[White "Mr_ruthless"]
[Black "Msb2"]
[Result "0-1"]
[WhiteElo "2468"]
[BlackElo "3055"]
[TimeControl "180+1"]
[EndTime "9:03:03 PDT"]
[Termination "Msb2 won by resignation"]

1. e4 e6 2. d4 d5 3. Nd2 c5 4. exd5 Qxd5 5. dxc5 Nf6 6. Nb3 Qxd1+ 7. Kxd1 Bd7 8. a4 Nc6 9. c3 O-O-O 10. Bg5 e5 11.
Bxf6 gxf6 12. Ke1 Be6 13. Nd2 Bxc5 14. Bb5 Bxf2+ 15. Kxf2 Rxd2+ 16. Ke3 Rxg2 17. Nf3 Rxb2 18. Rhg1 Ne7 19. Rac1 Nf5+ 20. Ke4 Nd6+ 21. Ke3 Rd8 22.
Bd3 Nc4+ 23. Bxc4 Bxc4 24. Ne1 f5 25. Rg7 Rxh2 26. a5 Rdd2 27. a6 bxa6 28. Rb1 h5 29. Rg8+ Kc7 30. Rb4 Rde2+ 31. Kf3 Bd5+ 32. Kg3 f4+ 33.
Rxf4 exf4+ 34. Kxf4 Rhf2+ 35. Kg3 Rg2+ 36. Nxg2 Rxg2+ 0-1

[Event "Early-Titled-Tuesday-Blitz-October-10-2023"]
[Site "Chess.com"]
[Date "2023.10.10"]
[Round "6"]
[White "DonCiao"]
[Black "marvelavengers4"]
[Result "1-0"]
[WhiteElo "2072"]
[BlackElo "2251"]
[TimeControl "180+1"]
[EndTime "9:03:03 PDT"]
[Termination "DonCiao won by checkmate"]

1. c4 c5 2. g3 g6 3. Bg2 Bg7 4. Nf3 e6 5. Nc3 Ne7 6. d3 O-O 7. Bg5 f6 8. Bd2 d5 9. Qc1 d4 10. Ne4 Qc7 11. h4 f5 12. Neg5 e5 13. h5 h6 14. Nh3 e4 15. dxe4 fxe4 16. Nh4 e3 17. Bxe3 dxe3 18. Qxe3 g5 19. Ng6 Nxg6 20. hxg6 Qe5 21.
Bd5+ Kh8 22. Qxe5 Bxe5 23. Nxg5 Kg7 24. Nf7 Kxg6 25. Nxe5+ Kg7 26. O-O-O Rxf2 27. Rdf1 Rxf1+ 28. Rxf1 h5 29. Rf7+ Kh6 30. Rf8 Na6 31. Rg8 Nc7 32. Rg6+ Kh7 33. Bg8+ Kh8 34. Nf7# 1-0

[Event "Early-Titled-Tuesday-Blitz-October-10-2023"]
[Site "Chess.com"]
[Date "2023.10.10"]
[Round "6"]
[White "inagreV"]
[Black "motivated_bishop"]
[Result "1/2-1/2"]
[WhiteElo "2288"]
[BlackElo "2469"]
[TimeControl "180+1"]
[EndTime "9:03:04 PDT"]
[Termination "Game drawn by repetition"]

1. e4 e5 2. Nf3 Nc6 3. Bb5 f5 4. d3 fxe4 5. dxe4 Nf6 6. O-O Bc5 7. Bxc6 bxc6 8. Nxe5 O-O 9. Nd3 Nxe4 10. Nxc5 Nxc5 11. Be3 Ne6 12. Nd2 d5 13. Nb3 a5 14. a4 Qf6 15. c3 Ba6 16. Re1 Nf4 17. Bxf4 Qxf4 18. Qd4 Rab8 19. Qxf4 Rxf4 20. Ra3 Bc4 21. Nxa5 Rxb2 22.
Nxc4 Rxc4 23. a5 Re4 24. Rea1 Ree2 25. a6 Rxf2 26. a7 Rxg2+ 27. Kf1 Rgf2+ 28. Kg1 Rg2+ 29. Kf1 Rgf2+ 30. Kg1 Rg2+ 1/2-1/2

[Event "Early-Titled-Tuesday-Blitz-October-10-2023"]
[Site "Chess.com"]
[Date "2023.10.10"]
[Round "6"]
[White "draksbg"]
[Black "Grischuk"]
[Result "0-1"]
[WhiteElo "2599"]
[BlackElo "2990"]
[TimeControl "180+1"]
[EndTime "9:03:07 PDT"]
[Termination "Grischuk won by resignation"]

1. e4 c5 2. Nf3 d6 3. Bc4 Nf6 4. d3 Nc6 5. c3 g6 6. Bb3 Bg7 7. O-O O-O 8. Re1 e5 9. Nbd2 h6 10. h3 Re8 11. Nf1 b5 12. Ng3 a5 13. a4 b4 14. Bc4 Rb8 15. Bd2 Be6 16. Bxe6 Rxe6 17.
Rb1 Qd7 18. c4 Rf8 19. b3 Kh7 20. Nh4 Ng8 21. Be3 Nce7 22. Qg4 f5 23. exf5 gxf5 24. Nhxf5 Nxf5 25. Nxf5 Rg6 0-1

[Event "Early-Titled-Tuesday-Blitz-October-10-2023"]
[Site "Chess.com"]
[Date "2023.10.10"]
[Round "6"]
[White "JuniorJumper"]
[Black "cristiano78"]
[Result "1/2-1/2"]
[WhiteElo "2587"]
[BlackElo "2251"]
[TimeControl "180+1"]
[EndTime "9:03:08 PDT"]
[Termination "Game drawn by repetition"]

1. d4 Nf6 2. c4 g6 3. Nc3 Bg7 4. e4 d6 5. Nf3 O-O 6. Be2 e5 7. Be3 Ng4 8. Bg5 f6 9. Bh4 Nd7 10. Qd2 h5 11. O-O-O Bh6 12. Bg5 fxg5 13. h3 Nxf2 14. g4 Nxd1 15. Bxd1 exd4 16. Nxd4 Ne5 17.
gxh5 Kg7 18. hxg6 g4 19. Qxh6+ Kxh6 20. hxg4+ Kxg6 21. Nf5 Bxf5 22. exf5+ Kg5 23. Ne4+ Kf4 24. Nc3 Rh8 25. Rf1+ Ke3 26. Nd5+ Kd4 27. Rf4+ Kd3 28. Nb4+ Ke3 29. Nd5+ Kd3 30. Nb4+ Ke3 31. Nd5+ Kd3 1/2-1/2